Map: Светотень РВ

Players

KEKW

  • Race: Terran Terran
  • League: Master
  • Spawn Location: 5:00

cygnus - Winner!

  • Race: Protoss Protoss
  • League: Diamond
  • Spawn Location: 11:00

VOD

https://youtu.be/xzDMhPe_vE0?t=1217

Description

Time

  • Played on: Jan. 3, 2021, 9:15 a.m.
  • Length: 5:53
Show
View Real Time Build Order
Export as new Build Order

KEKW Terran 

Build Orders: Reaper Expand 

Get SALT Encoding   

  12  0:00  SCV  
  13  0:12  SCV  
  14  0:17  Supply Depot  
  14  0:24  SCV  
  15  0:38  SCV  
  15  0:39  Barracks  
  16  0:43  Refinery  
  16  0:50  SCV  
  17  1:03  SCV  
  18  1:15  SCV  
  19  1:27  Reaper  
  19  1:28  Orbital Command  
  20  1:40  Command Center  
  20  1:53  Supply Depot  
  20  1:54  SCV  
  21  2:04  Marine  
  22  2:11  SCV  
  22  2:12  Refinery  
  23  2:17  Factory  
  23  2:23  SCV  
  23  2:24  Barracks Reactor  
  24  2:35  SCV  
  24  2:48  SCV  
  25  2:52  Orbital Command  
  25  2:55  Bunker  
  25  3:00  SCV, Starport  
  25  3:01  Widow Mine, Marine  
  25  3:03  Marine  
  30  3:12  SCV  
  31  3:19  SCV  
  32  3:29  Marine x2  
  32  3:30  Widow Mine  
  36  3:43  SCV x2  
  36  3:45  Medivac  
  40  3:51  Supply Depot  
  40  3:52  Factory Tech Lab  
  40  3:55  SCV, Marine x2  
  43  3:59  SCV  
  44  4:13  Siege Tank  
  44  4:15  SCV  
  44  4:16  SCV, Supply Depot  
  49  4:29  SCV x2  
  51  4:33  Viking, Barracks  
  51  4:34  Marine  
  51  4:35  Barracks  
  51  4:38  Supply Depot x2  
  54  4:59  Marine  
  55  5:01  Supply Depot  
  55  5:02  Supply Depot, Refinery  
  55  5:04  Refinery  
  55  5:13  Factory Tech Lab, Starport Tech Lab  
  55  5:17  Marine  
  55  5:19  Bunker  
  57  5:21  SCV x2  
  57  5:26  Barracks Tech Lab x2  
  57  5:27  Engineering Bay  
  58  5:33  SCV  
Show
View Real Time Build Order
Export as new Build Order

cygnus Protoss - Winner!

Build Orders: 1 Gate Expand 

Get SALT Encoding   

  12  0:00  Probe  
  13  0:12  Probe  
  14  0:17  Pylon  
  14  0:24  Probe (Chrono Boost)  
  15  0:29  Assimilator  
  15  0:37  Probe (Chrono Boost)  
  16  0:42  Gateway  
  16  0:46  Probe (Chrono Boost)  
  17  0:52  Probe  
  18  1:04  Probe  
  19  1:16  Probe  
  20  1:23  Nexus  
  20  1:31  Cybernetics Core  
  20  1:34  Probe  
  21  1:40  Assimilator  
  21  1:46  Pylon  
  21  1:49  Probe  
  22  2:01  Probe  
  23  2:04  Adept (Chrono Boost)  
  25  2:10  Robotics Facility  
  25  2:14  Probe  
  26  2:22  Robotics Facility  
  26  2:28  Probe  
  27  2:34  Stalker  
  29  2:43  Probe x2  
  31  2:47  Warp Gate  
  31  2:56  Immortal (Chrono Boost)  
  37  3:20  Warp Prism (Chrono Boost)  
  37  3:26  Immortal (Chrono Boost)  
  39  3:51  Gateway x2  
  39  3:53  Observer  
  40  3:58  Pylon  
  40  4:01  Pylon  
  40  4:14  Pylon  
  44  4:22  Immortal (Chrono Boost)  
  44  4:31  Immortal (Chrono Boost)  
  44  4:38  Stalker  
  50  4:50  Observer  
  50  4:52  Stalker  
  52  4:53  Stalker  
  53  5:15  Probe x2  
  53  5:18  Stalker x3  
  53  5:19  Pylon  
  61  5:22  Observer (Chrono Boost)  
  61  5:27  Probe  
  61  5:40  Probe x2  
  61  5:41  Stalker  
  61  5:42  Stalker  
  67  5:45  Stalker  
Tags
 
Add a new tag
Caveats
  • Supply blocks, unpowered buildings, or Contaminate may cause inaccurate times.
  • Supply counts are checked every 10 seconds.